 Dungeon Crawl Stone Soup version 0.29.0 (webtiles) character file.

Game seed: 13134845898886606484

37942 PublicAnimeNo1 the Basher (level 14, -4/111 HPs)
             Began as a Formicid Fighter on Aug 31, 2022.
             Was a Believer of Uskayaw.
             Slain by a titanic slime creature (35 damage)
             ... in an ice cave.
             The game lasted 00:37:23 (16691 turns).

PublicAnimeNo1 the Basher (Formicid Fighter)       Turns: 16691, Time: 00:37:24

Health: -4/111     AC: 23    Str: 22    XL:     14   Next: 31%
Magic:  22/22      EV:  7    Int: 10    God:    Uskayaw [**....]
Gold:   972        SH: 18    Dex: 18    Spells: 13/13 levels left

rFire   . . .      SeeInvis +   c - +3 great mace (freeze)
rCold   + + .      Faith    .   w - +0 kite shield
rNeg    . . .      Spirit   .   i - +4 chain mail
rPois   .          Reflect  +   (helmet unavailable)
rElec   .          Harm     .   m - +2 cloak
rCorr   .          Rampage  .   O - +1 pair of gloves {Dex+3}
Will    +....                   F - +0 pair of boots
Stlth   ++........              j - amulet of reflection
HPRegen 0.28/turn               h - ring of protection from cold
MPRegen 0.18/turn               N - ring of protection from cold

@: no status effects
A: permanent stasis, dig shafts and tunnels, antennae 3, four strong arms
a: Dig, Renounce Religion, Stomp, Line Pass


You were in an ice cave.
You worshipped Uskayaw.
Uskayaw was aware of your devotion.
You visited 2 branches of the dungeon, and saw 14 of its levels.
You also visited: Bailey and Ice Cave.

You collected 972 gold pieces.

Inventory:

Hand Weapons
 b - the +9 sling "Earthworm" {speed, Fly rF+ rCorr}
   (You found it on level 2 of the Dungeon)

   Attacks with this weapon are significantly faster.
   rF:        It protects you from fire.
   Fly:       It grants you flight.
   rCorr:     It protects you from acid and corrosion.
 c - a +3 great mace of freezing (weapon)
Missiles
 l - 2 atropa-tipped darts
 n - 3 javelins
 L - 2 throwing nets
Armour
 i - a +4 chain mail (worn)
 m - a +2 cloak (worn)
 p - the +4 skin of Zhor {*Englaciate rC+++ SInv}
   (You found it in an ice cave)

   It radiates cold, occasionally slowing all nearby creatures who are not
   resistant to cold.
   rC:        It renders you almost immune to cold.
   SInv:      It lets you see invisible.
 w - a +0 kite shield (worn)
 F - a +0 pair of boots (worn)
 O - a +1 pair of gloves of dexterity (worn)
Magical Staves
 g - a staff of earth
Jewellery
 f - a +6 ring of intelligence
 h - a ring of protection from cold (left hand)
 j - an amulet of reflection (around neck)
 q - a ring of fire
 A - a ring of poison resistance
 J - a ring of positive energy
 N - a ring of protection from cold (right hand)
Wands
 s - a wand of flame (34)
 E - a wand of paralysis (14)
 H - a wand of roots (16) (quivered)
Scrolls
 o - 4 scrolls of identify
 r - 5 scrolls of vulnerability
 u - a scroll of poison
 v - 2 scrolls of enchant armour
 y - a scroll of immolation
 I - a scroll of amnesia
 K - a scroll of fog
 M - 2 scrolls of summoning
Potions
 d - 2 potions of might
 e - 6 potions of flight
 k - 2 potions of cancellation
 t - a potion of attraction
 x - a potion of invisibility
 z - 2 potions of heal wounds
 B - 2 potions of resistance
 C - 10 potions of curing
 D - 6 potions of magic
 G - 4 potions of brilliance


   Skills:
 + Level 10.8 Fighting
 + Level 13.8(14.1) Maces & Flails
 - Level 4.7(10.1) Staves
 - Level 5.0 Ranged Weapons
 + Level 10.4 Armour
 - Level 10.0 Stealth
 + Level 12.7 Shields
 + Level 11.0 Invocations
 + Level 3.8 Evocations


You had 13 spell levels left.
You didn't know any spells.
Your spell library contained the following spells:

 Spells                   Type           Power      Damage    Failure   Level
 Freeze                   Ice            0%         1d3       98%         1
 Magic Dart               Conj           0%         1d3       98%         1
 Necrotise                Necr           0%         1d4       98%         1
 Shock                    Conj/Air       0%         1d3       98%         1
 Slow                     Hex            0%         N/A       98%         1
 Call Imp                 Summ           0%         N/A       99%         2
 Confusing Touch          Hex            0%         N/A       100%        3
 Frozen Ramparts          Ice            0%         1d1       100%        3
 Inner Flame              Hex/Fire       0%         N/A       100%        3
 Lesser Beckoning         Tloc           0%         N/A       100%        3
 Mephitic Cloud           Conj/Pois/Air  0%         N/A       100%        3
 Portal Projectile        Hex/Tloc       0%         N/A       100%        3
 Tukima's Dance           Hex            0%         N/A       100%        3
 Vampiric Draining        Necr           0%         2d6       100%        3
 Airstrike                Air            0%         2d(0-16)  100%        4
 Cause Fear               Hex            0%         N/A       100%        4
 Hailstorm                Conj/Ice       0%         3d3       100%        4
 Olgreb's Toxic Radiance  Pois           0%         N/A       100%        4
 Passage of Golubria      Tloc           0%         N/A       100%        4
 Agony                    Necr           0%         N/A       100%        5
 Blade Hands              Tmut           0%         N/A       100%        5
 Manifold Assault         Tloc           0%         N/A       100%        5
 Silence                  Hex/Air        0%         N/A       100%        5
 Ozocubu's Refrigeration  Ice            0%         4d7       100%        7
 Discord                  Hex            0%         N/A       100%        8
 Ignition                 Fire           0%         3d3       100%        8
 Lehudib's Crystal Spear  Conj/Erth      0%         10d2      100%        8
 Blink                    Tloc           Unusable   N/A       N/A         2
 Swiftness                Air            Unusable   N/A       N/A         3

Dungeon Overview and Level Annotations

Branches:
Dungeon (10/15)            Temple (0/1) D:4            Lair (4/5) D:9
  Swamp (0/4) Lair:3        Snake (0/4) Lair:2        Slime (0/5) Lair:4
 Bailey (visited)           IceCv (1/1)
    Orc: D:9-12

Altars:
Ashenzari
Cheibriados
Dithmenos
Fedhas
Gozag
Makhleb
Nemelex Xobeh
Okawaru
Qazlal
Ru
Sif Muna
Trog
Uskayaw
Vehumet
Zin
Jiyva
Lugonu

Shops:
D:3 =   D:4 [   D:6 *

Portals:
Abyss: Lair:3

Annotations:
Lair:1 2 runed translucent doors, Kaece's ghost, novice TeFE


Innate Abilities, Weirdness & Mutations

You cannot be hasted, slowed, berserked, paralysed or teleported.
You can dig through walls and to a lower floor.
You have a pair of large antennae on your head. (SInv)
Your four strong arms can wield two-handed weapons with a shield.


Message History

You freeze the titanic slime creature!
The titanic slime creature is heavily wounded.
You barely miss the titanic slime creature.
The titanic slime creature is heavily wounded.
You block the titanic slime creature's attack.
Two slime creatures merge to form a large slime creature.
A large slime creature splits.
You block the titanic slime creature's attack.
You sock the titanic slime creature! You freeze the titanic slime creature.
The titanic slime creature is heavily wounded.
You block the slime creature's attack.
You block the titanic slime creature's attack.
You block the slime creature's attack.
You barely miss the titanic slime creature.
The titanic slime creature is heavily wounded.
You block the slime creature's attack. x2
You block the titanic slime creature's attack.
You bludgeon the titanic slime creature!!
You freeze the titanic slime creature!
The titanic slime creature is heavily wounded.
You block the slime creature's attack.
The titanic slime creature closely misses you.
The slime creature hits you!
You hit the slime creature. You freeze the slime creature.
The slime creature is lightly wounded.
The slime creature hits you. The titanic slime creature hits you!!!
Ouch! That really hurt!
You block the slime creature's attack. You block the slime creature's attack.
The slime creature hits you.
* * * LOW HITPOINT WARNING * * *
You hit the titanic slime creature. You freeze the titanic slime creature.
The titanic slime creature is heavily wounded.
You block the slime creature's attack. x2
You block the titanic slime creature's attack.
You bludgeon the titanic slime creature!!
You freeze the titanic slime creature!
The titanic slime creature is severely wounded.
The slime creature hits you but does no damage.
The titanic slime creature hits you!!
You die...

##########
###.........
###..JJ.......
##....@J###....
#.....### . #....##
#.....####
##.......###
##........#######
####...........######
##...............#
###########......


You could see a titanic slime creature and 2 slime creatures.

Vanquished Creatures
  Kirke (Lair:3)
  An orc warlord (Bailey)
  A quicksilver ooze (IceCv)
  Harold (Lair:1)
  A hydra (Lair:2)
  A centaur warrior (D:9)
  The ghost of Vixxxy the Carver, a novice GnCA of Ignis (D:8)
  Sonja (Lair:3)
  2 deep elf pyromancers (D:9)
  A lindwurm (Lair:3)
  A manticore (D:10)
  An ugly thing (D:9)
  6 black mambas
  Joseph (D:7)
  3 ice statues (IceCv)
  2 torpor snails
  A cane toad (Lair:1)
  An unseen horror (D:10)
  4 komodo dragons
  A polar bear (Lair:2)
  A troll (D:10)
  11 blink frogs
  Prince Ribbit (D:9)
  13 slime creatures (IceCv)
  Sigmund (D:5)
  8 dream sheep (Lair:3)
  24 yaks
  3 wyverns
  4 hogs (Lair:3)
  3 steam dragons
  3 vampire mosquitoes (D:10)
  A warg (D:8)
  Edmund (D:5)
  An acid dragon (D:10)
  16 water moccasins
  Duvessa (D:4)
  11 orc warriors
  A black bear (D:5)
  2 great orb of eyes simulacra (IceCv)
  2 ice beasts
  3 sky beasts
  2 ogres
  5 centaurs
  A phantom (D:5)
  4 slime creature simulacra (IceCv)
  2 kobold brigands
  8 bullfrogs
  A necrophage (D:7)
  A gnoll sergeant (D:10)
  3 scorpions
  2 glowing shapeshifter simulacra (IceCv)
  Dowan (D:4)
  8 electric eels (D:10)
  A howler monkey (D:10)
  3 hounds
  4 jellies
  6 orc priests
  2 iguanas (D:5)
  Natasha (D:2)
  Ijyb (D:5)
  5 orc wizards
  3 hell rats (Lair:3)
  A shapeshifter simulacrum (IceCv)
  15 gnolls
  12 adders
  A shadow imp (D:6)
  A white imp (D:6)
  An ufetubus (D:5)
  A worm (D:5)
  A dart slug (D:2)
  36 orcs
  15 endoplasms
  4 giant cockroaches
  15 hobgoblins
  6 jackals
  3 quokkas
  6 ball pythons
  7 bats
  4 frilled lizards
  14 goblins
  24 kobolds
  A rat (D:2)
  A lurking horror (Lair:3)
376 creatures vanquished.

Vanquished Creatures (others)
  A hell rat (Lair:3)
  22 fungi
  18 plants
  11 toadstools (D:2)
52 creatures vanquished.

Grand Total: 428 creatures vanquished

Notes
Turn   | Place    | Note
-------+----------+-------------------------------------------
     0 | D:1      | PublicAnimeNo1 the Formicid Fighter began the quest for the
                  | Orb.
     0 | D:1      | Reached XP level 1. HP: 18/18 MP: 1/1
   167 | D:1      | Reached XP level 2. HP: 22/24 MP: 2/2
   429 | D:1      | Found a faded altar of an unknown god.
   440 | D:1      | Prayed at the altar of an unknown god.
   440 | D:1      | Became a worshipper of Uskayaw the Reveller
   440 | D:1      | Reached * piety under Uskayaw
   638 | D:2      | Reached XP level 3. HP: 29/29 MP: 3/3
   682 | D:2      | Reached ** piety under Uskayaw
   768 | D:2      | Identified the +9 sling "Earthworm" {speed, Fly rF+ rCorr}
   933 | D:2      | Reached skill level 1 in Invocations
   933 | D:2      | Reached XP level 4. HP: 37/37 MP: 4/4
  1640 | D:2      | Reached skill level 1 in Ranged Weapons
  1640 | D:2      | Reached XP level 5. HP: 42/42 MP: 4/6
  1641 | D:2      | Reached *** piety under Uskayaw
  1642 | D:2      | Reached skill level 5 in Shields
  1648 | D:2      | Reached **** piety under Uskayaw
  1771 | D:2      | Noticed Natasha
  1778 | D:2      | Killed Natasha
  1779 | D:2      | Reached XP level 6. HP: 47/48 MP: 7/7
  1897 | D:3      | Found a burning altar of Makhleb.
  1969 | D:3      | Found Xoffy's Jewellery Shoppe.
  1969 | D:3      | Found a snail-covered altar of Cheibriados.
  2401 | D:4      | Found a staircase to the Ecumenical Temple.
  2525 | D:4      | Found Regam's Armour Emporium.
  2538 | D:4      | Noticed Duvessa
  2539 | D:4      | Noticed Dowan
  2546 | D:4      | Killed Dowan
  2561 | D:4      | Killed Duvessa
  2562 | D:4      | Reached XP level 7. HP: 55/55 MP: 9/9
  2650 | D:4      | Reached skill level 5 in Fighting
  3383 | D:4      | Reached XP level 8. HP: 18/62 MP: 10/10
  3642 | D:5      | Entered Level 5 of the Dungeon
  3688 | D:5      | Noticed Edmund
  3702 | D:5      | Killed Edmund
  4037 | D:5      | Found a broken altar of Ashenzari.
  4205 | D:5      | Reached skill level 5 in Ranged Weapons
  4582 | D:5      | Noticed Ijyb
  4590 | D:5      | Killed Ijyb
  4647 | D:5      | Reached skill level 1 in Stealth
  4892 | D:5      | Noticed Sigmund
  4898 | D:5      | Killed Sigmund
  4899 | D:5      | Reached skill level 5 in Armour
  4899 | D:5      | Reached XP level 9. HP: 61/69 MP: 12/12
  5283 | D:6      | Reached skill level 5 in Invocations
  5532 | D:6      | Found Moesun's General Store.
  5617 | D:6      | Identified a scroll of acquirement
  5617 | D:6      | Acquired a manual of Maces & Flails
  5758 | D:6      | Found a sacrificial altar of Ru.
  5802 | D:6      | Found a stormy altar of Qazlal.
  5812 | D:6      | Reached skill level 1 in Maces & Flails
  5843 | D:6      | Found a shadowy altar of Dithmenos.
  6115 | D:7      | Found a bloodstained altar of Trog.
  6241 | D:7      | Reached skill level 2 in Maces & Flails
  6339 | D:7      | Reached skill level 3 in Maces & Flails
  6439 | D:7      | Noticed Joseph
  6448 | D:7      | Killed Joseph
  6449 | D:7      | Reached skill level 4 in Maces & Flails
  6449 | D:7      | Reached XP level 10. HP: 49/77 MP: 14/14
  7151 | D:8      | Found a radiant altar of Vehumet.
  7438 | D:8      | Reached skill level 5 in Maces & Flails
  7563 | D:8      | Found a runed translucent gate.
  7565 | D:8      | Found a runed translucent gate.
  7565 | D:8      | Found a runed translucent gate.
  7566 | D:8      | Noticed Vixxxy's ghost (novice GnCA)
  7973 | D:8      | Killed Vixxxy's ghost
  7974 | D:8      | Reached skill level 6 in Maces & Flails
  7974 | D:8      | Reached skill level 5 in Stealth
  7984 | D:8      | Reached ***** piety under Uskayaw
  8257 | D:9      | Found a glowing silver altar of Zin.
  8300 | D:9      | Reached skill level 7 in Maces & Flails
  8351 | D:9      | Found a staircase to the Lair.
  8397 | D:9      | You fall into a shaft and drop 1 floor!
  8397 | D:10     | Entered Level 10 of the Dungeon
  8477 | D:9      | Reached XP level 11. HP: 59/84 MP: 10/16
  8478 | D:9      | Reached skill level 8 in Maces & Flails
  8498 | D:9      | Found an iron altar of Okawaru.
  8552 | D:9      | Found a hide-covered altar of Uskayaw.
  8556 | D:9      | Found a flagged portal.
  8565 | D:9      | Identified the +5 hand axe "Oloi" {elec, SInv Stlth+}
  8568 | Bailey   | Entered a bailey
  9020 | Bailey   | Noticed an orc warlord
  9043 | Bailey   | Killed an orc warlord
  9044 | Bailey   | Reached skill level 9 in Maces & Flails
  9390 | Bailey   | Reached skill level 11 in Maces & Flails
  9390 | Bailey   | Reached skill level 10 in Shields
  9390 | Bailey   | Reached XP level 12. HP: 94/94 MP: 16/18
  9760 | D:9      | Noticed a centaur warrior
  9765 | D:9      | Killed a centaur warrior
 10111 | D:9      | Noticed Prince Ribbit
 10123 | D:9      | Killed Prince Ribbit
 10124 | D:9      | Reached skill level 12 in Maces & Flails
 11083 | D:10     | Found a sparkling altar of Nemelex Xobeh.
 11083 | D:10     | Found an opulent altar of Gozag.
 11422 | D:10     | Found a blossoming altar of Fedhas.
 11596 | D:10     | Found a shimmering blue altar of Sif Muna.
 11845 | Lair:1   | Entered Level 1 of the Lair of Beasts
 11922 | Lair:1   | Reached XP level 13. HP: 101/101 MP: 20/20
 11924 | Lair:1   | Noticed Harold
 11930 | Lair:1   | Reached ****** piety under Uskayaw
 11933 | Lair:1   | Killed Harold
 11933 | Lair:1   | Found a large runed translucent door.
 11933 | Lair:1   | Found a large runed translucent door.
 11933 | Lair:1   | Noticed Kaece's ghost (novice TeFE)
 12395 | Lair:1   | Identified the +6 war axe "Wital" {vorpal, rElec}
 12864 | Lair:2   | Found a staircase to the Snake Pit.
 12872 | Lair:2   | Reached skill level 13 in Maces & Flails
 13332 | Lair:2   | Reached skill level 10 in Fighting
 13448 | Lair:2   | Reached skill level 10 in Invocations
 13672 | Lair:2   | Noticed a four-headed hydra
 13691 | Lair:2   | Killed a four-headed hydra
 13692 | Lair:2   | Reached skill level 10 in Stealth
 14030 | Lair:3   | Noticed Sonja
 14054 | Lair:3   | Killed Sonja
 14055 | Lair:3   | Reached skill level 1 in Evocations
 14271 | Lair:3   | Found a one-way gate to the infinite horrors of the Abyss.
 14276 | Lair:3   | Found a corrupted altar of Lugonu.
 14296 | Lair:3   | Noticed Kirke
 14326 | Lair:3   | Killed Kirke
 15163 | Lair:3   | Reached skill level 10 in Armour
 15163 | Lair:3   | Reached XP level 14. HP: 102/103 MP: 21/21
 15250 | Lair:3   | Found a staircase to the Swamp.
 15789 | Lair:4   | Found a staircase to the Slime Pits.
 15790 | Lair:4   | Found a viscous altar of Jiyva.
 15802 | Lair:4   | Found a frozen archway.
 15825 | IceCv    | Entered an ice cave
 16004 | IceCv    | Found the +4 skin of Zhor {*Englaciate rC+++ SInv}
 16559 | IceCv    | Noticed a quicksilver ooze
 16572 | IceCv    | Killed a quicksilver ooze
 16691 | IceCv    | Slain by a titanic slime creature

Illustrated notes

Levels and vault maps discovered:
D:1:      psy_arrival_terrarium, layout_rooms, ebering_ecumenical_altar_hall,
          patterned_corridor
D:2:      cheibrodos_fertilizer, layout_basic, uniq_natasha
D:3:      layout_rooms, mainiacjoe_overflow_paths, bloody_makhleb, serial_shops,
          nicolae_shop_stone
D:4:      layout_loops_corners, minmay_temple_entry_glassed_door, serial_shops,
          nicolae_inconvenience_store, uniq_duvessa
D:5:      layout_basic, mainiacjoe_overflow_small_starburst,
          minmay_quadrilaterals, uniq_sigmund, uniq_edmund, uniq_ijyb
D:6:      layout_loops_ring, nicolae_overflow_hidden_temple,
          lemuel_crystal_altar, nicolae_qazlal_scattered_showers, serial_shops,
          nicolae_take_the_stairs, minmay_misc_feat_ornament
D:7:      layout_loops_ring, trog_three_pillars_becter, enter_ossuary_1,
          uniq_joseph
D:8:      layout_basic, vehumet_crystals, biasface_ghost_orc_armoury,
          palyth_stone_intersect
D:9:      layout_stronghold, mainiacjoe_overflow_brackets, zin_academy,
          overflow_temple_1_default, lair_entry_dummy, enter_bailey_2,
          eino_tiny_chamber, kb_rosetta, uniq_prince_ribbit1
D:10:     layout_basic, grunt_temple_overflow_opulence, fedhas_altar_1,
          nicolae_sif_muna_little_library
Lair:1:   layout_gridlike, ebering_ghost_disaster_area, uniq_harold
Lair:2:   layout_cave_pods, minmay_snake_entry_six_corridors, lemuel_fruit_tree
Lair:3:   layout_regular_city, swamp_mist, amcnicky_altar_lugonu_corruption,
          uniq_sonja, uniq_kirke
Lair:4:   layout_regular_city, slime_entry_1, portal_ice_cave_entry_pillars_2,
          uniq_nessos
IceCv:    ice_cave_hellmonk_azure_passage

Skill      XL: |  1  2  3  4  5  6  7  8  9 10 11 12 13 14 |
---------------+-------------------------------------------+-----
Staves         | 3 4 |  4.7
Invocations    | 1 2 3 4 5 7 8 9 10 11 | 11.0
Fighting       | 4 5 6 7 8 9 10 | 10.8
Ranged Weapons | 1 2 3 4 5 |  5.0
Shields        | 5 6 7 8 9 10 11 12 | 12.7
Armour         | 4 5 6 8 10 | 10.4
Stealth        | 2 4 6 8 9 10 | 10.0
Maces & Flails | 4 7 11 12 13 | 13.8
Evocations     | 2 3 |  3.8

Action                   |  1- 3 |  4- 6 |  7- 9 | 10-12 | 13-15 || total
-------------------------+-------+-------+-------+-------+-------++-------
Melee: Quarterstaff      |    73 |    41 |    73 |       |       ||   187
       Dire flail        |       |       |    13 |   357 |   362 ||   732
       Unarmed           |       |       |       |       |     3 ||     3
       Great mace        |       |       |       |       |    73 ||    73
 Fire: Sling             |     7 |   102 |   166 |    52 |       ||   327
Invok: Stomp             |       |       |     3 |    14 |     6 ||    23
       Grand Finale      |       |       |       |       |     1 ||     1
 Abil: Dig               |       |       |     1 |     4 |     5 ||    10
Evoke: Wand              |       |       |     1 |     7 |     8 ||    16
  Use: Scroll            |       |       |    10 |    15 |     2 ||    27
       Potion            |       |       |     1 |     3 |     3 ||     7
 Stab: Paralysed         |       |       |       |    13 |    29 ||    42
Armor: Scale mail        |    23 |    17 |    27 |    29 |       ||    96
       Skin              |       |       |    10 |     9 |       ||    19
       Chain mail        |       |       |       |    86 |   108 ||   194
       Animal skin       |       |       |       |       |     6 ||     6
Dodge: Dodged            |    30 |    18 |    39 |    56 |    54 ||   197
Block: Buckler           |    29 |    27 |    68 |   124 |       ||   248
       Reflection        |     1 |       |     2 |     6 |     3 ||    12
       Kite shield       |       |       |       |    50 |   289 ||   339
